 Dungeon Crawl Stone Soup version 0.30-a0-1164-ge08a67761e (webtiles) character file.

Game seed: 640958644087458891

203 funkygono the Trooper (level 5, -1/48 HPs)
             Began as a Minotaur Fighter on Apr 29, 2023.
             Succumbed to a kobold brigand's poison
             ... in a sewer.
             The game lasted 00:02:53 (1928 turns).

funkygono the Trooper (Minotaur Fighter)            Turns: 1928, Time: 00:02:54

Health: -1/48      AC: 16    Str: 23    XL:     5   Next: 51%
Magic:  4/4        EV:  9    Int:  5    God:
Gold:   148        SH:  4    Dex:  9    Spells: 4/4 levels left

rFire   . . .        a - +0 war axe
rCold   . . .        c - +0 buckler
rNeg    . . .        b - +0 scale mail
rPois   .            (helmet restricted)
rElec   .            (no cloak)
rCorr   .            l - +0 pair of gloves
SInv    .            (no boots)
Will    .....        (no amulet) Stlth
                     m - +4 ring of protection
HPRegen 0.28/turn    r - +4 ring of protection
MPRegen 0.09/turn

%: no passive effects
@: lethally poisoned (-1 -> -24), very slow
A: horns 2, retaliatory headbutt
a: no special abilities


You were in a sewer.
You visited 1 branch of the dungeon, and saw 3 of its levels.
You also visited: Sewer.

You collected 148 gold pieces.

Inventory:

Hand Weapons
 a - a +0 war axe (weapon)
Missiles
 e - a curare-tipped dart
 i - 5 boomerangs of dispersal (quivered)
Armour
 b - a +0 scale mail (worn)
 c - a +0 buckler (worn)
 l - a +0 pair of gloves (worn)
Jewellery
 k - a ring of ice
 m - a +4 ring of protection (left hand)
 r - a +4 ring of protection (right hand)
Scrolls
 o - 2 scrolls of teleportation
Potions
 d - a potion of might
 f - a potion of degeneration {unknown}
 g - a potion of flight {unknown}
 h - a potion of invisibility {unknown}
 j - 3 potions of cancellation {unknown}
 p - 3 potions of magic
 q - a potion of curing {unknown}
 u - a potion of lignification {unknown}


   Skills:
 + Level 5.0 Fighting
 + Level 4.5 Axes
 + Level 4.8 Armour
 + Level 0.4 Dodging
 + Level 0.1 Stealth
 + Level 4.3 Shields


You had 4 spell levels left.
You didn't know any spells.
Your spell library contained the following spells:

 Spells                   Type           Power      Damage    Failure   Level
 Call Canine Familiar     Summ           0%         N/A       99%         3
 Dazzling Flash           Conj/Hex       0%         N/A       99%         3
 Portal Projectile        Hex/Tloc       0%         N/A       99%         3
 Volatile Blastmotes      Fire/Tloc      0%         2d10      99%         3
 Iskenderun's Mystic Bla  Conj/Tloc      0%         2d3       100%        4
 Leda's Liquefaction      Hex/Erth       0%         N/A       100%        4
 Starburst                Conj/Fire      0%         6d3       100%        6


Dungeon Overview and Level Annotations

Branches:
Dungeon (3/15)              Sewer (1/1)

Altars:


Innate Abilities, Weirdness & Mutations

You have a pair of horns on your head.
You reflexively headbutt those who attack you in melee.


Message History

You completely miss the kobold brigand.
The kobold brigand hits you but does no damage.
You are poisoned.
The kobold brigand hits you but does no damage.
You are more poisoned.
You closely miss the kobold brigand.
You feel very sick.
The kobold brigand splashes around in the water.
You hit the kobold brigand.
The kobold brigand is lightly wounded.
You feel very sick.
The kobold brigand hits you but does no damage.
You are more poisoned.
You slash the kobold brigand!
The kobold brigand is heavily wounded.
You feel very sick.
The kobold brigand hits you but does no damage.
You are more poisoned.
The kobold brigand splashes around in the water.
You hit the kobold brigand.
The kobold brigand is heavily wounded.
You feel very sick.
The kobold brigand hits you with a +1 dagger of venom.
You are more poisoned.
Your unstable footing causes you to fumble your attack.
You feel extremely sick.
The kobold brigand hits you but does no damage.
You are lethally poisoned!
Your unstable footing causes you to fumble your attack.
* * * LOW HITPOINT WARNING * * *
You feel extremely sick.
The kobold brigand hits you but does no damage.
You are more poisoned.
You hit the kobold brigand.
The kobold brigand is heavily wounded.
* * * LOW HITPOINT WARNING * * *
You feel extremely sick. You block the kobold brigand's attack.
The kobold brigand barely misses you.
Your unstable footing causes you to fumble your attack.
You die...

#~~~~~~~∩. #~...~....
####### ##~~.~~~~..
#.~~~.##### ##.~~.~..~.~
#####~~~~~####~~~.##~.~~.
#.~~~~###~†..~~.~####~~~~
####### #~)~.~~~~# #..~~
.~~~~###~~...~~## .~~.~
#~KK@~####### ~~~
.~~~~##### ## ###


You could see a kobold brigand and a kobold.

Vanquished Creatures
  A kobold brigand (Sewer)
  An orc priest (D:3)
  5 adders
  A dart slug (D:1)
  2 orcs (D:3)
  5 ball pythons
  6 bats
  3 endoplasms
  4 giant cockroaches
  6 goblins
  A hobgoblin (D:2)
  5 jackals
  7 quokkas
  2 frilled lizards
  3 kobolds
  5 rats
57 creatures vanquished.

Notes
Turn   | Place    | Note
-------+----------+-------------------------------------------
     0 | D:1      | funkygono the Minotaur Fighter began the quest for the Orb.
     0 | D:1      | Reached XP level 1. HP: 19/19 MP: 0/0
   232 | D:1      | Reached XP level 2. HP: 27/27 MP: 1/1
   434 | D:1      | Reached skill level 4 in Fighting
   827 | D:2      | Reached XP level 3. HP: 29/34 MP: 2/2
   990 | D:2      | Found a faded altar of an unknown god.
  1555 | D:3      | Reached XP level 4. HP: 41/41 MP: 3/3
  1589 | D:3      | Found a glowing drain.
  1604 | Sewer    | Entered a sewer
  1623 | Sewer    | Noticed a kobold brigand
  1645 | Sewer    | Killed a kobold brigand
  1646 | Sewer    | Reached skill level 5 in Fighting
  1646 | Sewer    | Reached XP level 5. HP: 26/48 MP: 4/4
  1928 | Sewer    | Succumbed to a kobold brigand's poison

Illustrated notes

Levels and vault maps discovered:
D:1:      onia_arrival_pentagram, layout_basic, minmay_surrounded
D:2:      layout_loops_cross, hellmonk_ecumenical_altar_crossroads
D:3:      layout_basic, nemelex_altar_shiori,
          mainiacjoe_overflow_small_starburst, gup_sewer_entry_pipe
Sewer:    sewer_co_tree

Skill      XL: |  1  2  3  4 |
---------------+-------------+-----
Fighting       | 4 5 |  5.0
Armour         | 4 |  4.8
Shields        | 4 |  4.3
Axes           | 3 4 |  4.5
Dodging        | |  0.4
Stealth        | |  0.1

Action                     |  1- 3 |  4- 6 || total
---------------------------+-------+-------++-------
  Melee: War axe           |    69 |    65 ||   134
         Headbutt          |     8 |     9 ||    17
    Use: Scroll            |     6 |       ||     6
 Armour: Scale mail        |    40 |    35 ||    75
  Dodge: Dodged            |    40 |    20 ||    60
  Block: Buckler           |    16 |    21 ||    37

Table legend: (Time is in decaauts)
 A = Elapsed time spent in this place.
 B = Non-inter-level travel time spent in this place.
 C = Inter-level travel time spent in this place.
 D = Time resting spent in this place.
 E = Time spent auto-exploring this place.
 F = Levels seen in this place.
 G = Mean time per level.
                   A        B        C        D        E       F      G
               +--------+--------+--------+--------+--------+-----+--------+
         Total |   2051 |   2009 |     42 |      0 |   1542 |   4 |  512.8 |
       Dungeon |   1642 |   1600 |     42 |      0 |   1256 |   3 |  547.3 |
         Sewer |    408 |    408 |      0 |      0 |    286 |   1 |  408.0 |
               +--------+--------+--------+--------+--------+-----+--------+

Top non-repeatable levels by time:
     D:1: 811 daAuts
     D:2: 743 daAuts
   Sewer: 408 daAuts
     D:3: 87 daAuts
